 Dungeon Crawl Stone Soup version 0.26.1-2-gb8aa6d0cf2 (webtiles) character file.

Game seed: 17548073241122829169

61 pascalblue the Digger (level 3, -5/19 HPs)
             Began as a Deep Elf Earth Elementalist on Mar 8, 2021.
             Slain by Grinder (6 damage)
             ... on level 3 of the Dungeon.
             The game lasted 00:05:59 (2806 turns).

pascalblue the Digger (Deep Elf Earth Elementalist) Turns: 2806, Time: 00:05:59

Health: -5/19      AC:  2    Str:  5    XL:     3   Next: 83%
Magic:  10/10      EV: 13    Int: 20    God:
Gold:   135        SH:  0    Dex: 15    Spells: 5/9 levels left

rFire    . . .     SeeInvis .   q - +4 dagger
rCold    . . .     Faith    .   (no shield)
rNeg     . . .     Spirit   .   c - +0 robe
rPois    .         Reflect  .   (no helmet)
rElec    .         Harm     .   (no cloak)
rCorr    .         Rampage  .   (no gloves)
Will     +....                  (no boots)
Stlth    ++........             (no amulet)
HPRegen  0.06/turn              e - ring of willpower
MPRegen  0.12/turn              (no ring)

@: no status effects
A: no striking features
a: no special abilities


You were on level 3 of the Dungeon.
You visited 1 branch of the dungeon, and saw 3 of its levels.

You collected 135 gold pieces.

Inventory:

Hand Weapons
 a - a +0 falchion
 d - a +0 dagger
 q - a +4 dagger (weapon)
Missiles
 b - 35 stones
 h - 15 arrows
 j - 15 sling bullets
 k - 7 boomerangs
 p - 17 bolts
Armour
 c - a +0 robe (worn)
Jewellery
 e - a ring of willpower (left hand)
 o - a +4 ring of protection {unknown}
Scrolls
 n - 2 scrolls of identify
 r - a scroll of remove curse
Potions
 f - a potion of flight
 g - 2 potions of mutation {unknown}
 i - 3 potions of might
 l - a potion of invisibility {unknown}
 m - a potion of curing {unknown}


   Skills:
 + Level 2.9 Dodging
 - Level 3.0 Stealth
 + Level 3.7 Spellcasting
 + Level 0.3 Conjurations
 + Level 1.9 Transmutations
 * Level 4.0 Earth Magic


You had 5 spell levels left.
You knew the following spells:

 Your Spells              Type           Power        Failure   Level
a - Sandblast             Erth           40%          2%          1
b - Stone Arrow           Conj/Erth      24%          16%         3

Your spell library contained the following spells:

 Spells                   Type           Power        Failure   Level
 Passwall                 Tmut/Erth      12%          6%          2
 Petrify                  Tmut/Erth      15%          36%         4
 Lee's Rapid Deconstruct  Erth           10%          56%         5


Dungeon Overview and Level Annotations

Branches:
Dungeon (3/15)

Altars:
Gozag

Annotations:
D:3 Grinder


Message History

You hear the sound of rushing water.
There is an entrance to a sewer on this level.
Hurry and find it before the portal rusts away!
There is a stone staircase leading up here.
As you read the scroll labelled LEOTHR CA TIRPHA, it crumbles to dust.
You assume a fearsome visage.
Nothing appears to happen.
It was a scroll of fear.
As you read the scroll labelled SIUZUKYHERY, it crumbles to dust.
It is a scroll of enchant weapon.
Your +3 dagger glows red for a moment.
Grinder comes into view.
Found a stone staircase leading down.
A worm comes into view.
Grinder shouts!
You hit Grinder.
Grinder is lightly wounded.
Grinder hits you.
You writhe in agony.
You closely miss Grinder. Grinder hits you!
* * * LOW HITPOINT WARNING * * *
You writhe in agony.
You die...

#.... .. ##....
.# ...w.###.#
#...>...
###..#...##
..........#####
##...5........
#.....@..#
#...#...##
###...##.##
.........#
.........#
.......<.#
###...##.# #...
#.# #.. ...


You could see Grinder and a worm.

Vanquished Creatures
  An adder (D:2)
  2 oozes
  2 dart slugs
  A leopard gecko (D:2)
  A giant cockroach (D:1)
  5 goblins
  6 hobgoblins
  7 kobolds
  6 bats (D:1)
  A frilled lizard (D:2)
  6 rats (D:1)
38 creatures vanquished.

Notes
Turn   | Place    | Note
-------+----------+-------------------------------------------
     0 | D:1      | pascalblue the Deep Elf Earth Elementalist began the quest
                  | for the Orb.
     0 | D:1      | Reached XP level 1. HP: 10/10 MP: 6/6
   117 | D:1      | Reached XP level 2. HP: 15/15 MP: 6/8
  1235 | D:1      | Reached XP level 3. HP: 7/19 MP: 7/9
  1239 | D:1      | Learned a level 3 spell: Stone Arrow
  1963 | D:2      | Found an opulent altar of Gozag.
  2099 | D:2      | Reached skill level 4 in Earth Magic
  2800 | D:3      | Noticed Grinder
  2806 | D:3      | Slain by Grinder

Illustrated notes

Levels and vault maps discovered:
D:1:      amcnicky_arrival_feature_with_door, layout_loops_corners,
          kennysheep_small_spiral, minmay_pentomino_v4
D:2:      lemuel_upstairs_altar, layout_basic, nicolae_gozag_seed_capital
D:3:      layout_loops_ring, xom_redecorated, lightli_sewer_entry_pipes,
          uniq_ijyb, uniq_grinder

Skill      XL: |  1  2  3 |
---------------+----------+-----
Earth Magic    | 4 |  4.0
Stealth        | 3 |  3.0
Dodging        | |  2.9
Spellcasting   | |  3.7
Conjurations   | |  0.3
Transmutations | |  1.9

Action                   || total
-------------------------++-------
Melee: Dagger            ||   141
       Unarmed           ||    12
 Cast: Sandblast         ||    21
  Use: Scroll            ||    10
 Stab: Sleeping          ||     7
Armor: Robe              ||    42
Dodge: Dodged            ||   138
